AoeStats
← Boxster553

Arena

509961972Analyzed
3v3 RM · 3d ago on Sep 28, 2026· 49m 32s· 6 players
Game mode
Random Map
Map size
Normal (6 player)
Population
200
Speed
Normal
Resources
Standard
Victory
Conquest
Starting age
Dark Age
Ending age
Imperial Age
RankedLock teamsTeams togetherTeam positionsShared explorationLock speedFull tech treeHidden civsTurbo modeCheats
Victory
Defeat
🇩🇪 Saxons · Germany
1106
+14
🇩🇪 Varangians · Germany
1103
+14
🇩🇪 Persians · Germany
1088
+14
🇨🇳 Gurjaras · China
1075
-15
🇮🇳 Teutons · India
1057
-14
🇭🇰 Mongols · Hong Kong SAR China
1035
-13
箭无虚发
11:06 Feudal Age
11:34 Double-Bit Axe
11:30 Horse Collar
18:13 Castle Age
23:22 Bow Saw
26:23 Imperial Age
24:02 Gold Mining
24:37 Bloodlines
25:30 Scale Barding Armor
25:51 Husbandry
27:51 Conscription
27:30 Heavy Camel Rider
30:16 Kshatriyas
30:54 Wheelbarrow
30:52 Forging
31:17 Heavy Plow
32:24 Iron Casting
33:50 Chemistry
33:16 Chain Barding Armor
34:03 Crop Rotation
35:05 Frontier Guards
36:59 Plate Barding Armor
37:57 Hand Cart
38:26 Gold Shaft Mining
39:13 Light Cavalry
40:09 Loom
40:09 Town Watch
40:41 Hussar
43:43 Caravan
Boxster553
11:15 Feudal Age
12:40 Double-Bit Axe
12:42 Horse Collar
18:47 Castle Age
19:40 Wheelbarrow
18:51 Town Watch
19:38 Gold Mining
19:41 Stone Mining
20:05 Bow Saw
19:57 Heavy Plow
20:03 Loom
21:14 Hand Cart
24:15 Stone Shaft Mining
25:51 Town Patrol
30:15 Imperial Age
28:42 Forging
28:33 Scale Mail Armor
29:11 Squires
28:56 Arson
30:00 Iron Casting
29:34 Fletching
30:06 Ballistics
32:29 Crop Rotation
33:07 Two-Man Saw
33:44 Elite Teutonic Knight
34:53 Conscription
37:28 Chemistry
36:41 Masonry
37:20 Crenellations
36:39 Pikeman
37:32 Halberdier
39:02 Hoardings
40:13 Blast Furnace
39:28 Chain Mail Armor
42:28 Coinage
42:10 Guilds
44:04 Crenellations
44:09 Ironclad
46:42 Plate Mail Armor
不知名帅哥
11:42 Feudal Age
16:18 Castle Age
14:45 Double-Bit Axe
21:23 Fletching
28:33 Bloodlines
29:16 Wheelbarrow
29:55 Loom
29:56 Horse Collar
33:23 Imperial Age
31:14 Caravan
31:20 Gold Mining
31:32 Heavy Plow
32:02 Husbandry
31:23 Light Cavalry
32:46 Ballistics
32:44 Bodkin Arrow
35:14 Hussar
38:38 Murder Holes
39:44 Chemistry
39:12 Heavy Scorpion
41:30 Conscription
42:57 Fortified Wall
50:17 Hand Cart
Cautes.54
11:34 Feudal Age
15:23 Castle Age
14:29 Double-Bit Axe
14:32 Horse Collar
17:29 Bow Saw
18:05 Loom
21:54 Wheelbarrow
23:27 Gold Mining
23:28 Stone Mining
24:15 Heavy Plow
26:16 Hand Cart
26:56 Gold Shaft Mining
27:01 Stone Shaft Mining
30:20 Imperial Age
29:04 Scale Barding Armor
29:10 Forging
28:50 Town Watch
29:47 Bloodlines
29:37 Husbandry
30:52 Chain Barding Armor
31:10 Iron Casting
31:23 Hoardings
30:50 Fletching
31:26 Conscription
32:17 Elite War Elephant
33:40 Plate Barding Armor
34:06 Blast Furnace
33:29 Masonry
34:21 Chemistry
35:18 Bodkin Arrow
35:44 Town Patrol
36:18 Architecture
36:12 Ballistics
36:45 Devotion
37:03 Murder Holes
39:26 Padded Archer Armor
41:22 Two-Man Saw
40:55 Crop Rotation
41:53 Leather Archer Armor
43:46 Kamandaran
44:37 Ring Archer Armor
44:10 Crossbowman
44:56 Thumb Ring
46:14 Citadels
lumpy_space_princess
11:27 Feudal Age
15:18 Castle Age
17:21 Double-Bit Axe
24:06 Scale Barding Armor
24:15 Bloodlines
24:08 Husbandry
27:12 Wheelbarrow
26:22 Loom
26:28 Horse Collar
27:01 Bow Saw
28:29 Chain Barding Armor
28:11 Stone Mining
29:56 Forging
30:42 Hand Cart
33:39 Heavy Plow
34:55 Iron Casting
38:12 Imperial Age
35:34 Vendel Legacy
37:16 Town Watch
38:40 Town Patrol
38:40 Gold Mining
38:21 Cavalier
39:45 Plate Barding Armor
40:26 Blast Furnace
42:25 Conscription
42:07 Elite Varangian Guard
42:48 Squires
42:34 Arson
42:51 Scale Mail Armor
42:24 Light Cavalry
43:14 Gambesons
43:25 Gambesons
44:38 Stone Shaft Mining
45:00 Chain Mail Armor
44:09 Hussar
46:13 Two-Man Saw
45:55 Crop Rotation
46:09 Gothikon
47:59 Plate Mail Armor
Heinrich der Löwe
11:05 Feudal Age
14:58 Castle Age
12:47 Double-Bit Axe
13:03 Horse Collar
21:25 Loom
23:21 Wheelbarrow
23:02 Padded Archer Armor
24:27 Fletching
27:09 Elite Skirmisher
27:55 Thumb Ring
28:13 Crossbowman
29:50 Town Watch
30:20 Hand Cart
30:19 Bow Saw
34:53 Imperial Age
33:33 Scale Mail Armor
33:33 Bodkin Arrow
34:54 Leather Archer Armor
34:55 Chain Mail Armor
34:58 Leather Archer Armor
34:54 Forging
35:57 Conscription
36:18 Ballistics
36:38 Plate Mail Armor
35:49 Arbalester
36:33 Bracer
36:33 Elite Hearth Troop
37:34 Conscription
37:21 Man-at-Arms
37:47 Gambesons
38:02 Squires
39:22 Chemistry
39:06 Plate Mail Armor
38:47 Forging
39:07 Siege Engineers
39:13 Masonry
39:07 Long Swordsman
39:08 Pikeman
39:34 Arson
40:21 Ring Archer Armor
40:19 Two-Handed Swordsman
41:35 Iron Casting
41:35 Champion
41:55 Shield Wall
43:44 Elite Varangian Guard
Connection lost

Rejoining the realm…

Still unreachable

The connection could not be restored.

Session expired

The server has moved on; the page needs a fresh start.